 Dungeon Crawl Stone Soup version 0.27-a0-887-gcab673c142 (webtiles) character file.

Game seed: 18079543205185408121

126 sizableburger the Digger (level 5, -4/35 HPs)
             Began as a Human Earth Elementalist on Apr 4, 2021.
             Was a Believer of Nemelex Xobeh.
             Slain by a black bear (8 damage)
             ... on level 3 of the Dungeon.
             The game lasted 00:09:35 (3888 turns).

sizableburger the Digger (Human Earth Elementalist) Turns: 3888, Time: 00:09:36

Health: -4/35      AC:  4    Str:  8    XL:     5   Next: 31%
Magic:  8/8        EV: 12    Int: 17    God:    Nemelex Xobeh [**....]
Gold:   36         SH:  0    Dex: 13    Spells: 4/8 levels left

rFire    . . .     SeeInvis .   p - +2 quarterstaff (chaos)
rCold    . . .     Faith    +   (shield currently unavailable)
rNeg     . . .     Spirit   .   c - +0 robe
rPois    .         Reflect  .   (no helmet)
rElec    .         Harm     .   q - +1 cloak {Will+}
rCorr    .         Rampage  .   (no gloves)
Will     +....                  (no boots)
Stlth    ++........             k - amulet of faith
HPRegen  0.11/turn              r - ring of flight
MPRegen  0.11/turn              (no ring)

@: flying, studying Staves
A: no striking features
a: Renounce Religion, Draw Escape, Draw Destruction, Draw Summoning


You were on level 3 of the Dungeon.
You worshipped Nemelex Xobeh.
Nemelex Xobeh was pleased with you.
You visited 1 branch of the dungeon, and saw 3 of its levels.

You collected 36 gold pieces.

Inventory:

Hand Weapons
 p - a +2 quarterstaff of chaos (weapon)
Missiles
 n - 50 stones
Armour
 c - a +0 robe (worn)
 q - a +1 cloak of willpower (worn)
Magical Staves
 m - a staff of conjuration
Jewellery
 k - an amulet of faith (around neck)
 r - a ring of flight (left hand)
Wands
 l - a wand of charming (9)
Scrolls
 b - a scroll of vulnerability {unknown}
 e - 2 scrolls of magic mapping {unknown}
 f - 2 scrolls of identify {unknown}
 o - a scroll of teleportation {unknown}
Potions
 a - a potion of experience {unknown}
 d - a potion of might {unknown}
 g - a potion of flight {unknown}
 h - a potion of magic {unknown}
 i - 2 potions of curing {unknown}
 j - a potion of heal wounds {unknown}


   Skills:
 - Level 1.4 Short Blades
 + Level 1.5 Staves
 - Level 2.4 Dodging
 - Level 2.4 Stealth
 - Level 2.0 Spellcasting
 + Level 1.6 Conjurations
 - Level 1.5 Transmutations
 + Level 3.6 Earth Magic
 + Level 1.2 Invocations
 - Level 0.1 Evocations


You had 4 spell levels left.
You knew the following spells:

 Your Spells              Type           Power      Damage    Failure   Level
a - Sandblast             Erth           28%        2d8       4%          1
b - Stone Arrow           Conj/Erth      20%        3d8       19%         3

Your spell library contained the following spells:

 Spells                   Type           Power      Damage    Failure   Level
 Passwall                 Tmut/Erth      8%         N/A       10%         2
 Animate Skeleton         Necr           2%         N/A       19%         1
 Apportation              Tloc           2%         N/A       19%         1
 Corona                   Hex            1%         N/A       19%         1
 Summon Small Mammal      Summ           4%         N/A       19%         1
 Petrify                  Tmut/Erth      10%        N/A       54%         4
 Lee's Rapid Deconstruct  Erth           7%         3d7*      77%         5


Dungeon Overview and Level Annotations

Branches:
Dungeon (3/15)

Altars:
Nemelex Xobeh


Message History

The bat hits you. The bat closely misses you.
An adder comes into view.
The bat closely misses you.
You sock the bat!
You kill the bat!
A black bear comes into view.
The black bear growls angrily.
The adder hisses angrily.
You hear a shout!
You sock the black bear! You freeze the black bear.
The black bear is heavily wounded.
The black bear bites you!
The black bear claws you but does no damage. x2
You closely miss the black bear.
The black bear is heavily wounded.
The black bear barely misses you. The black bear claws you.
The black bear barely misses you.
A kobold comes into view. It is wielding a +0 whip.
You thump the black bear!
The black bear seems to speed up.
The black bear is severely wounded.
The black bear misses you. The black bear closely misses you.
The black bear barely misses you. The adder misses you.
The black bear closely misses you. The black bear claws you. x2
There are monsters nearby!
You hit the black bear.
The black bear flickers and vanishes!
Deactivating autopickup; reactivate with Ctrl-A.
The adder bites you. Something bites you. Something claws you.
* * * LOW HITPOINT WARNING * * *
Something claws you.
* * * LOW HITPOINT WARNING * * *
Something bites you.
* * * LOW HITPOINT WARNING * * *
Something claws you.
* * * LOW HITPOINT WARNING * * *
Something claws you but does no damage. The adder closely misses you.
Okay, then.
You draw a card...
You have drawn Exile.
The kobold is devoured by a tear in reality.
Something bites you!
You die...
Your body disappears without a glow.

#...# #...# ####
#...# #...
#..B#####..###
#.........(...
#...##{..§§§..
#...##@S..§...
#..........§..
#(..##........
#...##........
#########..........
#....†....#........
#...######....>......
....# #.##........
#.. #.# .$......#


You could see an adder.

Vanquished Creatures
  Crazy Yiuf (D:2)
  2 adders (D:2)
  2 worms (D:2)
  2 dart slugs
  An orc (D:2)
  5 ball pythons
  3 endoplasms
  3 giant cockroaches
  3 goblins (D:2)
  7 hobgoblins
  14 jackals
  2 quokkas (D:3)
  3 bats
  2 frilled lizards
  7 kobolds
  4 rats
61 creatures vanquished.

Notes
Turn   | Place    | Note
-------+----------+-------------------------------------------
     0 | D:1      | sizableburger the Human Earth Elementalist began the quest
                  | for the Orb.
     0 | D:1      | Reached XP level 1. HP: 13/13 MP: 3/3
   138 | D:1      | Found a faded altar of an unknown god.
   145 | D:1      | Became a worshipper of Nemelex Xobeh the Trickster
   145 | D:1      | Reached * piety under Nemelex Xobeh
   173 | D:1      | Reached XP level 2. HP: 19/19 MP: 1/5
   879 | D:1      | Reached XP level 3. HP: 24/24 MP: 4/6
   928 | D:1      | Learned a level 3 spell: Stone Arrow
   953 | D:1      | Received a gift from Nemelex Xobeh
  1326 | D:2      | Reached skill level 1 in Short Blades
  1545 | D:2      | You fall into a shaft and drop 1 floor!
  1561 | D:3      | Reached XP level 4. HP: 29/30 MP: 4/7
  1734 | D:2      | Reached skill level 1 in Conjurations
  3412 | D:2      | Reached ** piety under Nemelex Xobeh
  3443 | D:2      | Found a runed translucent door.
  3444 | D:2      | Noticed Crazy Yiuf
  3448 | D:2      | Killed Crazy Yiuf
  3449 | D:2      | Reached skill level 1 in Staves
  3449 | D:2      | Reached skill level 1 in Invocations
  3449 | D:2      | Reached XP level 5. HP: 35/35 MP: 8/8
  3883 | D:3      | Noticed a black bear
  3888 | D:3      | Slain by a black bear

Illustrated notes

Levels and vault maps discovered:
D:1:      tarquinn_simple_flora_water_a, layout_basic, basic_ecumenical_altar
D:2:      layout_basic, st_stairs_4, minmay_tree_intersection,
          minmay_fractal_squares_5, uniq_crazy_yiuf_cottage
D:3:      layout_rooms

Skill      XL: |  1  2  3  4 |
---------------+-------------+-----
Short Blades   | 1 |  1.4
Conjurations   | 1 |  1.6
Staves         | 1 |  1.5
Invocations    | 1 |  1.2
Dodging        | |  2.4
Stealth        | |  2.4
Spellcasting   | |  2.0
Transmutations | |  1.5
Earth Magic    | |  3.6
Evocations     | |  0.1

Action                   |  1- 3 |  4- 6 || total
-------------------------+-------+-------++-------
Melee: Dagger            |    44 |    76 ||   120
       Staff             |       |    61 ||    61
       Quarterstaff      |       |    11 ||    11
 Cast: Sandblast         |    43 |    11 ||    54
       Stone Arrow       |       |     5 ||     5
Invok: Draw Destruction  |       |     3 ||     3
       Draw Escape       |       |     1 ||     1
 Stab: Sleeping          |     2 |     1 ||     3
Armor: Robe              |     8 |    29 ||    37
Dodge: Dodged            |    28 |   127 ||   155

Table legend: (Time is in decaauts)
 A = Elapsed time spent in this place.
 B = Non-inter-level travel time spent in this place.
 C = Inter-level travel time spent in this place.
 D = Time resting spent in this place.
 E = Time spent auto-exploring this place.
 F = Levels seen in this place.
 G = Mean time per level.
                   A        B        C        D        E       F      G
               +--------+--------+--------+--------+--------+-----+--------+
         Total |   3893 |   3807 |     86 |   1730 |   1423 |   3 | 1297.7 |
       Dungeon |   3893 |   3807 |     86 |   1730 |   1423 |   3 | 1297.7 |
               +--------+--------+--------+--------+--------+-----+--------+

Top non-repeatable levels by time:
     D:2: 2616 daAuts
     D:1: 1189 daAuts
     D:3: 87 daAuts
